 Dungeon Crawl Stone Soup version 0.29-a0-414-g5075937ec3 (webtiles) character file.

Game seed: 15124247515661067311

12 purpskrrrp the Sneak (level 2, -3/26 (29) HPs)
             Began as a Troll Delver on May 15, 2022.
             Slain by an orc
             ... wielding a +0 whip
              (4 damage)
             ... on level 5 of the Dungeon.
             The game lasted 00:00:57 (60 turns).

purpskrrrp the Sneak (Troll Delver)                   Turns: 60, Time: 00:01:02

HP:   -3/26 (29)    AC:  4    Str: 19    XL:     2   Next: 20%
MP:   1/1           EV:  9    Int:  6    God:
Gold: 0             SH:  0    Dex: 11    Spells: 1/1 levels left

rFire   . . .      SeeInvis .   a - +0 falchion
rCold   . . .      Faith    .   (no shield)
rNeg    . . .      Spirit   .   b - +0 robe
rPois   .          Reflect  .   (helmet restricted)
rElec   .          Harm     .   (no cloak)
rCorr   .          Rampage  .   (gloves unavailable)
Will    .....                   (boots unavailable)
Stlth   ++........              (no amulet)
HPRegen 0.88/turn               (no ring)
MPRegen 0.07/turn               (no ring)

@: heavily drained
A: large, unfitting armour, claws 3, regeneration 1, shaggy fur 1, tough skin 1
a: no special abilities


You were on level 5 of the Dungeon.
You visited 1 branch of the dungeon, and saw 1 of its levels.

Inventory:

Hand Weapons
 a - a +0 falchion (weapon)
 h - a +0 flail
Armour
 b - a +0 robe (worn)
Wands
 g - a wand of digging (3)
Scrolls
 c - a scroll of fog
 d - a scroll of magic mapping
 e - a scroll of fear
Potions
 f - a potion of haste


   Skills:
 + Level 2.5 Fighting
 + Level 1.8 Long Blades
 + Level 1.6 Dodging
 + Level 3.0 Stealth


You had one spell level left.
You didn't know any spells.
Your spell library was empty.

Dungeon Overview and Level Annotations

Branches:
Dungeon (5/15)
 Temple: D:4-7

Altars:

Annotations:
D:5 1 transporter


Innate Abilities, Weirdness & Mutations

You are too large for most types of armour.
You have claws for hands.
Your natural rate of healing is unusually fast.
You are covered in fur. (AC +1)
You have tough skin. (AC +1)


Message History

The jackal closely misses you. The orc hits you but does no damage.
The jackal bites you. The orc hits you with a +0 flail.
You completely miss the orc.
The orc is moderately wounded.
The jackal bites you but does no damage.
The orc hits you with a +0 flail.
The jackal bites you but does no damage.
You barely miss the orc.
The orc is moderately wounded.
The jackal bites you. The orc hits you but does no damage.
You barely miss the jackal. The jackal barely misses you.
The orc completely misses you. The jackal closely misses you.
You hit the jackal.
You kill the jackal!
The orc barely misses you.
You see here a jackal corpse.
You closely miss the orc.
The orc is moderately wounded.
The orc hits you with a +0 flail. The necrophage hits you!
* * * LOW HITPOINT WARNING * * *
You feel drained.
* * * LOW HITPOINT WARNING * * *
The orc closely misses you. The orc attacks as you move away!
The orc barely misses you.
You hit the orc.
You kill the orc!
The necrophage barely misses you.
Your Stealth skill increases to level 3!
The necrophage hits you but does no damage.
The orc hits you with a +0 whip.
* * * LOW HITPOINT WARNING * * *
Things that are here:
a +0 flail; a +0 ring mail; an orc corpse
h - a +0 flail The necrophage hits you.
* * * LOW HITPOINT WARNING * * *
You feel drained.
* * * LOW HITPOINT WARNING * * *
The orc hits you with a +0 whip.
You die...

#.o.o .##o... #.....h
#.....h #..###.# #.....h
....... #...... ...... .
#......####### ..... ..
#©......)o...# #..# .#
#.......#n@..######..##..##
#©......#....#.............
#[......#....#.............
#..#..###....#...##>.##..##
#. ####.....##...##..# #
#.....#........#
#.....'........#
#.....#........#
#.....#....##..#


You could see a necrophage and an orc.

Vanquished Creatures
  4 orcs (D:5)
  3 jackals (D:5)
7 creatures vanquished.

Notes
Turn   | Place    | Note
-------+----------+-------------------------------------------
     0 | D:5      | purpskrrrp the Troll Delver began the quest for the Orb.
     0 | D:5      | Reached XP level 1. HP: 22/22 MP: 0/0
    20 | D:5      | Found a transporter.
    48 | D:5      | Reached XP level 2. HP: 26/29 MP: 1/1
    48 | D:5      | Noticed a necrophage
    59 | D:5      | Reached skill level 3 in Stealth
    60 | D:5      | HP: 1/26 [necrophage (1)]
    60 | D:5      | Slain by an orc

Illustrated notes

Levels and vault maps discovered:
D:5:      layout_gridville, gammafunk_ghost_smash, minmay_ruined_shrine

Skill      XL: |  1  2 |
---------------+-------+-----
Stealth        | 3 |  3.0
Fighting       | |  2.5
Long Blades    | |  1.8
Dodging        | |  1.6

Action                   || total
-------------------------++-------
Melee: Falchion          ||    25
Armor: Robe              ||    21
Dodge: Dodged            ||    29

Table legend: (Time is in decaauts)
 A = Elapsed time spent in this place.
 B = Non-inter-level travel time spent in this place.
 C = Inter-level travel time spent in this place.
 D = Time resting spent in this place.
 E = Time spent auto-exploring this place.
 F = Levels seen in this place.
 G = Mean time per level.
                   A        B        C        D        E       F      G
               +--------+--------+--------+--------+--------+-----+--------+
         Total |     65 |     64 |      1 |      0 |     19 |   1 |   65.0 |
       Dungeon |     65 |     64 |      1 |      0 |     19 |   1 |   65.0 |
               +--------+--------+--------+--------+--------+-----+--------+

Top non-repeatable levels by time:
     D:5: 65 daAuts
